Map: Acid Plant LE

Players

barthak - Winner!

  • Race: Protoss Protoss
  • League: Gold
  • Spawn Location: 11:00

GigaHertz

  • Race: Terran Terran
  • League: Gold
  • Spawn Location: 5:00

VOD

Have the link to the VOD?

Description

Time

  • Played on: July 28, 2018, 6:23 p.m.
  • Length: 17:48
Show
View Real Time Build Order
Export as new Build Order

barthak Protoss - Winner!

Build Orders: 1 Gate Expand, Double Forge 

Get SALT Encoding   

  12  0:01  Probe  
  13  0:13  Probe  
  14  0:22  Pylon  
  14  0:25  Probe  
  15  0:40  Probe  
  16  0:45  Gateway  
  16  0:52  Probe  
  16  0:54  Assimilator  
  17  1:04  Probe  
  18  1:27  Probe  
  19  1:38  Nexus  
  19  1:39  Probe  
  20  2:11  Zealot  
  22  2:17  Pylon  
  22  2:19  Pylon  
  22  2:32  Cybernetics Core  
  22  2:44  Probe  
  22  2:50  Assimilator, Warp Gate  
  23  2:56  Probe, Gateway  
  24  2:58  Forge  
  24  3:01  Forge  
  24  3:09  Probe  
  24  3:12  Probe  
  26  3:24  Probe  
  27  3:36  Probe  
  28  3:49  Probe  
  28  3:51  Protoss Ground Weapons Level 1, Probe  
  28  3:53  Protoss Ground Armor Level 1  
  28  3:56  Stalker  
  28  3:58  Stalker  
  28  4:01  Probe  
  33  4:09  Pylon  
  33  4:10  Probe  
  33  4:12  Probe  
  35  4:18  Probe  
  35  4:20  Probe  
  36  4:27  Probe  
  36  4:29  Probe  
  38  4:32  Stargate  
  39  4:39  Probe  
  39  4:42  Twilight Council  
  40  4:59  Pylon  
  40  5:14  Probe  
  40  5:15  Probe  
  44  5:22  Charge  
  44  5:24  Assimilator  
  44  5:26  Probe  
  44  5:27  Probe, Void Ray  
  45  5:28  Stalker x2  
  51  5:39  Probe  
  51  5:40  Probe  
  53  5:51  Probe  
  53  5:52  Probe  
  53  5:53  Gateway x2  
  53  5:56  Gateway  
  55  6:08  Fleet Beacon  
  55  6:11  Zealot x2  
  55  6:16  Protoss Ground Weapons Level 2  
  59  6:23  Assimilator  
  59  6:39  Void Ray  
  59  6:47  Zealot x2  
  67  7:00  Zealot  
  68  7:14  Zealot x2  
  70  7:20  Pylon  
  70  7:21  Pylon  
  70  7:23  Pylon  
  70  7:38  Probe  
  71  7:44  Zealot x4  
  71  7:45  Zealot  
  71  7:50  Probe  
  52  8:09  Zealot x2  
  52  8:10  Zealot x3  
  56  8:13  Tempest  
  62  8:30  Zealot x5  
  72  8:36  Graviton Catapult  
  72  8:43  Pylon  
  70  8:49  Stargate  
  70  8:51  Stargate  
  70  8:53  Stalker x5  
  80  9:20  Zealot x3  
  80  9:21  Zealot x2  
  90  9:27  Carrier  
  92  9:42  Stalker x4  
  92  9:43  Stalker  
  102  10:41  Carrier  
  102  10:44  Carrier  
  98  10:51  Protoss Ground Weapons Level 3  
  98  11:06  Pylon  
  98  11:07  Pylon  
  98  11:09  Pylon  
  98  11:22  Zealot x2  
  92  11:52  Carrier  
  98  12:09  Nexus  
  98  12:11  Pylon  
  98  12:12  Pylon  
  98  12:14  Pylon  
  98  12:26  Carrier  
  96  12:32  Zealot x3  
  96  12:33  Zealot x2  
  96  12:36  Void Ray  
  108  12:53  Photon Cannon  
  108  12:55  Photon Cannon  
  104  13:03  Protoss Air Weapons Level 1  
  104  13:07  Carrier  
  104  13:09  Carrier  
  110  13:52  Carrier  
  114  14:08  Stalker x3  
  114  14:09  Stalker x2  
  110  14:33  Carrier  
  110  14:34  Carrier  
  116  14:49  Pylon x2  
  102  15:16  Zealot x5  
  102  15:17  Carrier  
  116  15:25  Dark Shrine  
  116  15:27  Probe  
  107  16:18  Carrier  
  113  16:42  Probe  
  113  16:43  Probe x2  
  116  16:55  Dark Templar x3  
  122  17:06  Dark Templar  
  124  17:17  Assimilator  
  124  17:21  Archon x2, Assimilator  
  124  17:37  Dark Templar  
  124  17:38  Dark Templar x4  
Show
View Real Time Build Order
Export as new Build Order

GigaHertz Terran 

Build Orders:  

Get SALT Encoding   

  12  0:01  SCV  
  13  0:15  SCV  
  14  0:22  Supply Depot  
  14  0:31  SCV  
  15  0:43  SCV  
  15  0:44  Supply Depot  
  16  0:53  Barracks  
  16  0:57  SCV  
  16  1:29  Command Center  
  16  1:31  SCV  
  17  1:48  Refinery, SCV  
  18  1:54  Marine  
  18  2:00  Barracks  
  19  2:05  SCV  
  20  2:19  Bunker  
  20  2:27  SCV  
  20  2:29  Engineering Bay  
  21  2:32  Marine  
  22  2:39  SCV  
  23  2:46  Barracks  
  23  2:57  Marine  
  24  3:06  SCV  
  24  3:07  Barracks Tech Lab, SCV  
  26  3:16  Bunker  
  26  3:31  SCV x2  
  26  3:33  Refinery  
  28  3:42  Marine  
  28  3:43  Marine  
  28  3:45  Barracks Reactor  
  30  3:51  SCV x2  
  32  4:03  Barracks Reactor, SCV  
  32  4:09  Command Center  
  33  4:14  SCV  
  33  4:15  SCV  
  35  4:21  Missile Turret  
  35  4:26  Marine x2  
  35  4:30  SCV  
  38  4:40  Orbital Command  
  38  4:46  Marine  
  38  4:47  Marine x3  
  42  4:59  Marine  
  43  5:04  Marine  
  44  5:11  Factory  
  44  5:13  Missile Turret  
  44  5:14  Missile Turret  
  44  5:17  Marine  
  44  5:18  Marine  
  46  5:21  Marine x2  
  46  5:23  Supply Depot  
  46  5:27  SCV x2  
  50  5:41  Planetary Fortress  
  50  5:45  Marine  
  50  5:46  Marine  
  52  5:51  Refinery  
  52  5:53  Marine x2  
  54  5:58  Starport  
  54  6:02  Factory Tech Lab  
  54  6:07  Terran Infantry Weapons Level 1  
  54  6:12  Marine x3  
  54  6:13  Marine x2  
  54  6:17  Combat Shields  
  59  6:24  SCV  
  60  6:27  Refinery  
  60  6:31  Marine  
  60  6:32  Marine x2  
  63  6:35  Starport Tech Lab  
  63  6:36  SCV  
  64  6:43  Armory  
  64  6:57  Missile Turret, SCV x3  
  67  7:09  Medivac, SCV  
  57  7:19  Marine x5  
  59  7:30  Barracks  
  59  7:37  Marine, Engineering Bay  
  60  7:44  Missile Turret  
  55  8:00  SCV  
  55  8:02  Marine x2  
  55  8:03  Marine x3  
  56  8:12  SCV  
  57  8:20  Marine x3  
  57  8:21  Marine x2, Barracks Reactor  
  62  8:31  Refinery  
  62  8:36  Medivac  
  62  8:38  Marine x3  
  67  8:53  Terran Infantry Weapons Level 2, Terran Infantry Armor Level 1  
  66  8:58  Stimpack  
  66  8:59  Refinery  
  66  9:08  Sensor Tower  
  66  9:17  Barracks  
  66  9:18  Marine  
  64  9:44  Missile Turret  
  62  10:01  Starport  
  62  10:03  Marine x4  
  62  10:04  SCV x3  
  67  10:18  Barracks Reactor  
  67  10:19  Marine x2  
  68  10:27  Refinery  
  68  10:28  SCV  
  69  10:36  SCV  
  69  10:38  SCV  
  64  10:48  Hi-Sec Auto Tracking  
  62  10:59  Marine x5  
  62  11:00  Marine x2  
  69  11:09  SCV  
  68  11:11  Supply Depot  
  68  11:12  Supply Depot  
  68  11:21  SCV  
  68  11:22  Sensor Tower  
  69  11:28  Sensor Tower  
  66  11:33  SCV  
  66  11:35  Barracks Reactor  
  66  11:45  SCV  
  66  11:48  Starport  
  66  11:49  Terran Infantry Armor Level 2  
  66  11:50  Terran Infantry Weapons Level 3  
  66  11:53  Barracks Reactor  
  66  11:57  SCV  
  67  12:02  Marine  
  67  12:03  Marine x4  
  72  12:14  Marine x2  
  73  12:17  Medivac  
  73  12:20  Marine x3, Planetary Fortress  
  78  12:28  Sensor Tower  
  78  12:29  Marine x3  
  77  12:31  Siege Tank  
  77  12:37  SCV x2  
  67  12:46  Medivac  
  67  12:49  SCV x2  
  60  13:01  SCV x2  
  61  13:08  Starport Reactor  
  57  13:13  SCV x2  
  57  13:16  Medivac  
  61  13:25  SCV  
  62  13:29  Command Center, SCV x2  
  64  13:37  SCV  
  64  13:41  SCV x2  
  67  13:47  Marine  
  67  13:48  Marine x6  
  71  13:49  Marine x2, SCV  
  71  13:53  SCV  
  78  14:05  Marine x2  
  78  14:06  Marine  
  78  14:08  Starport Reactor  
  81  14:23  Marine x5  
  81  14:24  Marine x4  
  74  14:41  Marine  
  74  14:42  Marine x2  
  74  14:43  Marine x6  
  74  14:44  Command Center  
  77  14:45  Thor  
  77  14:47  Viking  
  84  14:58  Marine  
  83  15:00  Marine  
  83  15:01  Marine  
  78  15:16  Marine x4  
  81  15:23  SCV x3  
  71  15:57  Viking, Medivac x2  
  69  16:10  Marine x4  
  69  16:11  Marine  
  65  16:26  Viking  
  65  16:28  Marine x4  
  71  16:33  Marine  
  71  16:35  SCV  
  72  16:45  Marine  
  72  16:46  Marine x3  
  76  16:51  Marine  
  76  16:53  Sensor Tower  
  77  17:03  Marine x2  
  79  17:14  Viking x2  
  83  17:19  SCV  
  84  17:24  SCV  
  87  17:31  SCV  
  87  17:36  SCV  
Tags
 
Add a new tag
Caveats
  • Supply blocks, unpowered buildings, or Contaminate may cause inaccurate times.
  • Supply counts are checked every 10 seconds.